| TOP OF THE 1ST |
|
Augusta GreenJackets batting - Pitching for Atlanta (MID) Braves : RHP Iestyn Nicholls
|
|
Pitching: RHP Iestyn Nicholls
|
|
|
Batting: RHB Vinny Torres
|
0-0: Ball 1-0: Called Strike 1-1: Foul Ball, location: 2F 1-2: Ball 2-2: Strikes out swinging, 2-3 out at first.
|
|
Batting: RHB Dave Perron
|
0-0: Ball 1-0: Ball 2-0: Called Strike 2-1: Ball 3-1: Called Strike 3-2: Foul Ball, location: 2F 3-2: Ground out 5-3 (Groundball, 56S, EV 83.1 MPH)
|
|
Batting: RHB Tony Harper
|
0-0: Ball 1-0: Swinging Strike 1-1: Ball 2-1: Called Strike 2-2: Ball 3-2: Strikes out swinging
|
| Top of the 1st over - 0 runs, 0 hits, 0 errors, 0 left on base; Augusta 0 - Atlanta (MID) 0 |
| BOTTOM OF THE 1ST |
|
Atlanta (MID) Braves batting - Pitching for Augusta GreenJackets : LHP Matt DeGrado
|
|
Pitching: LHP Matt DeGrado
|
|
|
Batting: RHB Zheng-ze King
|
0-0: Swinging Strike 0-1: Ball 1-1: Ball 2-1: Foul Ball, location: 2F 2-2: Ball 3-2: Ground out U3 (Groundball, 34S, EV 88.1 MPH)
|
|
Batting: RHB Badr al Din Ridha
|
0-0: Ground out 6-3 (Groundball, 6S, EV 76.2 MPH)
|
|
Batting: LHB Oke Monti
|
0-0: Swinging Strike 0-1: DOUBLE (Line Drive, 7LS, EV 105.6 MPH)
|
|
Batting: RHB Nick Holsinger
|
0-0: Ball 1-0: Called Strike 1-1: Foul Ball, location: 2F 1-2: Strikes out swinging
|
| Bottom of the 1st over - 0 runs, 1 hit, 0 errors, 1 left on base; Augusta 0 - Atlanta (MID) 0 |
| TOP OF THE 2ND |
|
Augusta GreenJackets batting - Pitching for Atlanta (MID) Braves : RHP Iestyn Nicholls
|
|
Batting: LHB Emilio Ortez
|
0-0: Foul Ball, location: 2F 0-1: Fly out, F8 (Flyball, 8LD, EV 90.0 MPH)
|
|
Batting: RHB Ryan Roberts
|
0-0: Called Strike 0-1: Foul Ball, location: 2F 0-2: Strikes out swinging
|
|
Batting: RHB Malik Sharpless
|
0-0: Ball 1-0: Foul Ball, location: 2F 1-1: Foul Ball, location: 2F 1-2: Foul Ball, location: 2F 1-2: Foul Ball, location: 2F 1-2: Strikes out swinging
|
| Top of the 2nd over - 0 runs, 0 hits, 0 errors, 0 left on base; Augusta 0 - Atlanta (MID) 0 |
| BOTTOM OF THE 2ND |
|
Atlanta (MID) Braves batting - Pitching for Augusta GreenJackets : LHP Matt DeGrado
|
|
Batting: RHB Gerard Michel
|
0-0: Ground out 5-3 (Groundball, 5L, EV 101.2 MPH)
|
|
Batting: LHB Ryan Murdock
|
0-0: Fly out, F9 (Line Drive, 9S, EV 101.2 MPH)
|
|
Batting: LHB Joe Phillips
|
0-0: Called Strike 0-1: Ball 1-1: Called Strike 1-2: Fly out, F7 (Flyball, 7LM, EV 86.9 MPH)
|
| Bottom of the 2nd over - 0 runs, 0 hits, 0 errors, 0 left on base; Augusta 0 - Atlanta (MID) 0 |
| TOP OF THE 3RD |
|
Augusta GreenJackets batting - Pitching for Atlanta (MID) Braves : RHP Iestyn Nicholls
|
|
Batting: LHB Adam Oldfield
|
0-0: Swinging Strike 0-1: Foul Ball, location: 2F 0-2: Strikes out swinging
|
|
Batting: RHB Mario Gomez
|
0-0: Called Strike 0-1: Ball 1-1: Called Strike 1-2: Strikes out swinging
|
|
Batting: RHB Ed Broomhead
|
0-0: Called Strike 0-1: Called Strike 0-2: Strikes out swinging
|
| Top of the 3rd over - 0 runs, 0 hits, 0 errors, 0 left on base; Augusta 0 - Atlanta (MID) 0 |
| BOTTOM OF THE 3RD |
|
Atlanta (MID) Braves batting - Pitching for Augusta GreenJackets : LHP Matt DeGrado
|
|
Batting: LHB Andres Aldape
|
0-0: SINGLE (Line Drive, 8RS, EV 105.0 MPH)
|
|
Batting: RHB George Provance
|
0-0: Called Strike 0-1: Ball 1-1: DOUBLE (Line Drive, 9LS, EV 101.2 MPH) Andres Aldape to third
|
|
Batting: RHB Zheng-ze King
|
0-0: Ball 1-0: Ball 2-0: Fly out, F9 (Flyball, 89D, EV 99.4 MPH) Runner from 3rd tags up, SCORES, throw by RF George Provance to third
|
|
Batting: RHB Badr al Din Ridha
|
0-0: Ball Wild Pitch! George Provance scores 1-0: Ground out 6-3 (Groundball, 6, EV 103.1 MPH)
|
|
Batting: LHB Oke Monti
|
0-0: Ball 1-0: Ball 2-0: Called Strike 2-1: Ball 3-1: Swinging Strike 3-2: Base on Balls
|
|
Batting: RHB Nick Holsinger
|
0-0: Ball Wild Pitch! Oke Monti to second 1-0: SINGLE (Groundball, 6MD, EV 106.9 MPH) Oke Monti to third
|
|
Batting: RHB Gerard Michel
|
0-0: Ball 1-0: Swinging Strike 1-1: Ball 2-1: Fly out, F7 (Line Drive, 7S, EV 99.4 MPH)
|
| Bottom of the 3rd over - 2 runs, 3 hits, 0 errors, 2 left on base; Augusta 0 - Atlanta (MID) 2 |
| TOP OF THE 4TH |
|
Augusta GreenJackets batting - Pitching for Atlanta (MID) Braves : RHP Iestyn Nicholls
|
|
Batting: RHB Vinny Torres
|
0-0: Ball 1-0: Called Strike 1-1: DOUBLE (Line Drive, 7LM, EV 99.4 MPH)
|
|
Batting: RHB Dave Perron
|
0-0: Foul Ball, location: 2F 0-1: Ball 1-1: Called Strike 1-2: Foul Ball, location: 2F 1-2: Ball 2-2: Fly out, F9 (Flyball, 89S, EV 92.5 MPH)
|
|
Batting: RHB Tony Harper
|
0-0: Called Strike 0-1: Ball 1-1: Swinging Strike 1-2: Ball 2-2: Ground out 5-3 (Groundball, 56, EV 99.4 MPH)
|
|
Batting: LHB Emilio Ortez
|
0-0: Ball 1-0: Ball 2-0: Foul Ball, location: 2F 2-1: Called Strike 2-2: Strikes out swinging
|
| Top of the 4th over - 0 runs, 1 hit, 0 errors, 1 left on base; Augusta 0 - Atlanta (MID) 2 |
| BOTTOM OF THE 4TH |
|
Atlanta (MID) Braves batting - Pitching for Augusta GreenJackets : LHP Matt DeGrado
|
|
Batting: LHB Ryan Murdock
|
0-0: Ball 1-0: Ball 2-0: Ball 3-0: Called Strike 3-1: Foul Ball, location: 2F 3-2: Base on Balls
|
|
Batting: LHB Joe Phillips
|
0-0: Ball 1-0: Called Strike 1-1: Ball 2-1: Foul Ball, location: 2F 2-2: Ball 3-2: Base on Balls Ryan Murdock to second
|
|
Batting: LHB Andres Aldape
|
0-0: Called Strike 0-1: Swinging Strike 0-2: Ball 1-2: Fly out, F5 (Popup, 56, EV 73.1 MPH)
|
|
Batting: RHB George Provance
|
0-0: Called Strike 0-1: Ball 1-1: Ball 2-1: Ball 3-1: Fly out, F8 (Flyball, 8RD, EV 102.5 MPH) Runner from 2nd tags up, SAFE at 3rd with throw by CF
|
|
Batting: RHB Zheng-ze King
|
0-0: Ball 1-0: Called Strike 1-1: Ball 2-1: Ball 3-1: Foul Ball, location: 2F 3-2: SINGLE (Groundball, 6MD, EV 96.9 MPH) Ryan Murdock scores Joe Phillips to second Joe Phillips to third
|
|
Batting: RHB Badr al Din Ridha
|
0-0: Swinging Strike 0-1: Ball 1-1: SINGLE (Groundball, 6MD, EV 104.4 MPH) Joe Phillips scores Zheng-ze King to second Runner from 2nd tries for 3rd, SAFE after rundown.
|
|
Batting: LHB Oke Monti
|
0-0: Ball Badr al Din Ridha steals 2nd base 1-0: Ball 2-0: Called Strike 2-1: Foul Ball, location: 2F 2-2: Strikes out swinging
|
| Bottom of the 4th over - 2 runs, 2 hits, 0 errors, 2 left on base; Augusta 0 - Atlanta (MID) 4 |
| TOP OF THE 5TH |
|
Augusta GreenJackets batting - Pitching for Atlanta (MID) Braves : RHP Iestyn Nicholls
|
|
Batting: RHB Ryan Roberts
|
0-0: Ball 1-0: Swinging Strike 1-1: Ball 2-1: Foul Ball, location: 2F 2-2: Strikes out swinging
|
|
Batting: RHB Malik Sharpless
|
0-0: Ball 1-0: Called Strike 1-1: Ground out 5-3 (Groundball, 56, EV 84.4 MPH)
|
|
Batting: LHB Adam Oldfield
|
0-0: Swinging Strike 0-1: Ball 1-1: Foul Ball, location: 2F 1-2: Ball 2-2: Foul Ball, location: 2F 2-2: Strikes out swinging
|
| Top of the 5th over - 0 runs, 0 hits, 0 errors, 0 left on base; Augusta 0 - Atlanta (MID) 4 |
| BOTTOM OF THE 5TH |
|
Atlanta (MID) Braves batting - Pitching for Augusta GreenJackets : LHP Matt DeGrado
|
|
Pitching: RHP Chance Robinson
|
|
|
Batting: RHB Nick Holsinger
|
0-0: Called Strike 0-1: Swinging Strike 0-2: Ball 1-2: Strikes out swinging
|
|
Batting: RHB Gerard Michel
|
0-0: Called Strike 0-1: Ground out U3 (Groundball, 3L, EV 81.2 MPH)
|
|
Batting: LHB Ryan Murdock
|
0-0: Swinging Strike 0-1: Called Strike 0-2: Ball 1-2: Ball 2-2: Ball 3-2: Strikes out swinging
|
| Bottom of the 5th over - 0 runs, 0 hits, 0 errors, 0 left on base; Augusta 0 - Atlanta (MID) 4 |
| TOP OF THE 6TH |
|
Augusta GreenJackets batting - Pitching for Atlanta (MID) Braves : RHP Iestyn Nicholls
|
|
Batting: RHB Mario Gomez
|
0-0: Called Strike 0-1: Swinging Strike 0-2: Ball 1-2: Strikes out swinging
|
|
Batting: RHB Ed Broomhead
|
0-0: Swinging Strike 0-1: Called Strike 0-2: Ground out 5-3 (Groundball, 56, EV 88.8 MPH)
|
|
Batting: RHB Vinny Torres
|
0-0: Called Strike 0-1: Called Strike 0-2: Ball 1-2: Strikes out swinging
|
| Top of the 6th over - 0 runs, 0 hits, 0 errors, 0 left on base; Augusta 0 - Atlanta (MID) 4 |
| BOTTOM OF THE 6TH |
|
Atlanta (MID) Braves batting - Pitching for Augusta GreenJackets : RHP Chance Robinson
|
|
Batting: LHB Joe Phillips
|
0-0: Called Strike 0-1: Ball 1-1: Called Strike 1-2: Foul Ball, location: 2F 1-2: Ball 2-2: Ball 3-2: Ground out 4-3 (Groundball, 4, EV 88.8 MPH)
|
|
Batting: LHB Andres Aldape
|
0-0: Ground out 5-3 (Groundball, 5, EV 88.8 MPH)
|
|
Batting: RHB George Provance
|
0-0: Ball 1-0: Ball 2-0: Reached on error, E5 (Groundball, 5L, EV 88.1 MPH)
|
|
Batting: RHB Zheng-ze King
|
0-0: Called Strike George Provance steals 2nd base 0-1: Foul Ball, location: 2F 0-2: Foul Ball, location: 2F 0-2: SINGLE (Groundball, 56D, EV 106.2 MPH) George Provance to third Runner from 3rd tries for Home, SAFE, throw by LF to home
|
|
Pitching: RHP Kyle Rindels
|
|
|
Batting: RHB Badr al Din Ridha
|
0-0: Ball Zheng-ze King steals 2nd, throwing error, E2 Zheng-ze King to third 1-0: Ball 2-0: Foul Ball, location: 2F 2-1: Foul Ball, location: 2F 2-2: Ball 3-2: Strikes out swinging
|
| Bottom of the 6th over - 1 run, 1 hit, 2 errors, 1 left on base; Augusta 0 - Atlanta (MID) 5 |
| TOP OF THE 7TH |
|
Augusta GreenJackets batting - Pitching for Atlanta (MID) Braves : RHP Iestyn Nicholls
|
|
Batting: RHB Dave Perron
|
0-0: Ball 1-0: Fly out, F9 (Flyball, 89M, EV 83.1 MPH)
|
|
Pitching: RHP Ioakim Mozgo
|
|
|
Batting: RHB Tony Harper
|
0-0: Called Strike 0-1: Ball 1-1: Foul Ball, location: 2F 1-2: Strikes out swinging
|
|
Batting: LHB Emilio Ortez
|
0-0: Swinging Strike 0-1: Ball 1-1: Called Strike 1-2: Strikes out swinging
|
| Top of the 7th over - 0 runs, 0 hits, 0 errors, 0 left on base; Augusta 0 - Atlanta (MID) 5 |
| BOTTOM OF THE 7TH |
|
Atlanta (MID) Braves batting - Pitching for Augusta GreenJackets : RHP Kyle Rindels
|
|
Batting: LHB Oke Monti
|
0-0: Ball 1-0: Foul Ball, location: 2F 1-1: Ball 2-1: Foul Ball, location: 2F 2-2: Strikes out swinging
|
|
Batting: RHB Nick Holsinger
|
0-0: Ball 1-0: Ball 2-0: Called Strike 2-1: Ball 3-1: DOUBLE (Flyball, 78D, EV 93.1 MPH)
|
|
Batting: RHB Gerard Michel
|
0-0: Foul Ball, location: 2F 0-1: Ball 1-1: Ball 2-1: Ball Wild Pitch! Nick Holsinger to third 3-1: SINGLE (Groundball, 4MD, EV 96.9 MPH) Nick Holsinger scores
|
|
Batting: LHB Ryan Murdock
|
0-0: Called Strike 0-1: Ball 1-1: SINGLE (Flyball, 8RS, EV 98.8 MPH) Gerard Michel to second
|
|
Batting: LHB Joe Phillips
|
0-0: Called Strike 0-1: Ball 1-1: Swinging Strike 1-2: Grounds into double play, 4-6-3 (Groundball, 4, EV 86.2 MPH)
|
| Bottom of the 7th over - 1 run, 3 hits, 0 errors, 1 left on base; Augusta 0 - Atlanta (MID) 6 |
| TOP OF THE 8TH |
|
Augusta GreenJackets batting - Pitching for Atlanta (MID) Braves : RHP Ioakim Mozgo
|
|
Batting: RHB Ryan Roberts
|
0-0: Ball 1-0: Called Strike 1-1: Swinging Strike 1-2: Ball 2-2: Foul Ball, location: 2F 2-2: Foul Ball, location: 2F 2-2: Strikes out swinging
|
|
Batting: RHB Malik Sharpless
|
0-0: Ball 1-0: Ball 2-0: Ball 3-0: Base on Balls
|
|
Batting: LHB Adam Oldfield
|
0-0: Ball 1-0: Swinging Strike 1-1: Ball 2-1: Swinging Strike 2-2: Strikes out looking
|
|
Pinch Hitting: RHB Billy Pranger
|
0-0: Foul Ball, location: 2F 0-1: Ball 1-1: Called Strike 1-2: Ball 2-2: Strikes out swinging
|
| Top of the 8th over - 0 runs, 0 hits, 0 errors, 1 left on base; Augusta 0 - Atlanta (MID) 6 |
| BOTTOM OF THE 8TH |
|
Atlanta (MID) Braves batting - Pitching for Augusta GreenJackets : RHP Kyle Rindels
|
|
Now at SS: Josh Truell
|
|
|
Batting: LHB Andres Aldape
|
0-0: Ground out 4-3 (Groundball, 4S, EV 85.0 MPH)
|
|
Batting: RHB George Provance
|
0-0: Swinging Strike 0-1: Swinging Strike 0-2: Foul Ball, location: 2F 0-2: Strikes out swinging
|
|
Batting: RHB Zheng-ze King
|
0-0: Ball 1-0: Swinging Strike 1-1: Called Strike 1-2: Foul Ball, location: 2F 1-2: Ball 2-2: Foul Ball, location: 2F 2-2: Strikes out swinging
|
| Bottom of the 8th over - 0 runs, 0 hits, 0 errors, 0 left on base; Augusta 0 - Atlanta (MID) 6 |
| TOP OF THE 9TH |
|
Augusta GreenJackets batting - Pitching for Atlanta (MID) Braves : RHP Ioakim Mozgo
|
|
Batting: RHB Ed Broomhead
|
0-0: Called Strike 0-1: Ball 1-1: Swinging Strike 1-2: Ground out 5-3 (Groundball, 5L, EV 81.9 MPH)
|
|
Batting: RHB Vinny Torres
|
0-0: Called Strike 0-1: Swinging Strike 0-2: Ball 1-2: Strikes out looking
|
|
Batting: RHB Dave Perron
|
0-0: Ball 1-0: Called Strike 1-1: Fly out, F9 (Line Drive, 9LS, EV 85.6 MPH)
|
| Top of the 9th over - 0 runs, 0 hits, 0 errors, 0 left on base; Augusta 0 - Atlanta (MID) 6 |
|